 Dungeon Crawl Stone Soup version 0.17.0-9-g801d43b (webtiles) character file.

1192 Ijustatesigmund the Sneak (level 8, -1/52 HPs)
             Began as an Octopode Conjurer on Nov 9, 2015.
             Slain by an orc warrior
             ... wielding a +0 trident
              (15 damage)
             ... on level 6 of the Dungeon.
             The game lasted 00:25:01 (7007 turns).

Ijustatesigmund the Sneak (Octopode Conjurer)       Turns: 7007, Time: 00:25:02

Health: -1/52      AC:  1    Str:  8    XL:     8   Next: 43%
Magic:  7/14       EV: 12    Int: 19    God:
Gold:   252        SH:  0    Dex: 12    Spells: 5 memorised, 2 levels left

rFire  . . .     SeeInvis +     A - +3 short sword (venom)
rCold  . . .     Clarity  .     (no shield)
rNeg   . . .     SustAt   .     F - +0 hat
rPois  .         Gourm    .     j - amulet of resist corrosion
rElec  .         Spirit   .     e - ring of see invisible
rCorr  +         Warding  .     k - +3 ring of slaying
rMut   .         Stasis   .     (no ring)
MR     .....                    (no ring)
Stlth  +++++.....               (no ring)
                                (no ring)
                                (no ring)
                                (no ring)

@: hasted, very quick, not resistant to hostile enchantments, quite stealthy
A: almost no armour, amphibious, 8 rings, constrict 8, camouflage 1, gelatinous
body 1
a: no special abilities


You were on level 6 of the Dungeon.
You were very hungry.

You visited 1 branch of the dungeon, and saw 6 of its levels.

You collected 252 gold pieces.

Inventory:

Hand Weapons
 w - a +2 dagger of venom
 y - a +2 hand crossbow of flaming
 A - a +3 short sword of venom (weapon)
 E - a +0 blowgun
Missiles
 s - 6 curare-tipped needles
Armour
 C - a +0 buckler
 F - a +0 hat (worn)
Jewellery
 e - a ring of see invisible (left tentacle)
 h - an uncursed amulet of guardian spirit
 j - an amulet of resist corrosion (around mantle)
 k - a +3 ring of slaying (right tentacle)
 r - an uncursed amulet of stasis
 B - an uncursed ring of ice
Scrolls
 f - 4 scrolls of fog
 v - 2 scrolls of remove curse
 z - 2 scrolls of amnesia
 G - a scroll of identify
Potions
 c - 7 potions of curing
 d - a potion of degeneration {unknown}
 g - a potion of mutation {unknown}
 i - a potion of berserk rage
 m - a potion of haste
 n - a potion of poison {unknown}
 o - a potion of flight {unknown}
 p - a potion of agility
 u - a potion of brilliance {unknown}
 x - a potion of cure mutation
Books
 a - a book of Conjurations

   Spells                             Type                      Level
   a - Magic Dart                     Conjuration                  1
   b - Searing Ray                    Conjuration                  2
   c - Dazzling Spray                 Conjuration/Hexes            3
   d - Fulminant Prism                Conjuration/Hexes            4
   e - Iskenderun's Mystic Blast      Conjuration                  4
   f - Iskenderun's Battlesphere      Conjuration/Charms           5
 q - a book of Debilitation

   Spells                             Type                      Level
   a - Corona                         Hexes                        1
   b - Slow                           Hexes                        2
   c - Gell's Gravitas                Hexes/Translocation          3
   d - Inner Flame                    Hexes/Fire                   3
   e - Cause Fear                     Hexes                        4
   f - Leda's Liquefaction            Hexes/Earth                  4
 D - a book of Dreams

   Spells                             Type                      Level
   a - Ensorcelled Hibernation        Hexes/Ice                    2
   b - Phase Shift                    Translocation                5
   c - Shadow Creatures               Summoning                    5
   d - Silence                        Hexes/Air                    5
   e - Darkness                       Hexes                        6
   f - Mass Confusion                 Hexes                        6
Comestibles
 b - 2 bread rations
 l - 5 meat rations


   Skills:
 - Level 3.0 Fighting
 - Level 2.5 Short Blades
 - Level 2.0 Dodging
 - Level 6.5 Stealth
 + Level 4.3 Spellcasting
 - Level 5.5 Conjurations
 - Level 3.4 Hexes
 + Level 2.4 Charms
 + Level 1.8 Ice Magic


You had 2 spell levels left.
You knew the following spells:

 Your Spells              Type           Power        Failure   Level  Hunger
a - Magic Dart            Conj           ####         1%          1    None
b - Searing Ray           Conj           ####..       1%          2    #......
c - Dazzling Spray        Conj/Hex       ###.....     8%          3    ###....
d - Iskenderun's Battles  Conj/Chrm      ###.....     75%         5    ######.
e - Ensorcelled Hibernat  Hex/Ice        ##....       10%         2    #......


Dungeon Overview and Level Annotations

Branches:
Dungeon (6/15)
 Temple: D:4-7

Altars:
Ashenzari
Elyvilon
Kikubaaqudgha
Trog
Yredelemnul
The Shining One

Annotations:
D:2 Sigmund


Innate Abilities, Weirdness & Mutations

You cannot wear most types of armour.
You are amphibious.
You can wear up to eight rings at the same time.
You can use your tentacles to constrict eight enemies at once.
Your skin changes colour to match your surroundings (Stealth).
Your rubbery body absorbs attacks (AC +1).


Message History

The orc warrior hits you with a trident!
The scorpion barely misses you.
Drink which item? (? for menu, Esc to quit)
You're too hungry to go berserk.
Casting: Dazzling Spray
Confirm with . or Enter, or press ? or * to list all spells.
Aiming: Ensorcelled Hibernation
Press: ? - help, Shift-Dir - straight line, f/p - orc warrior
Aim: an orc warrior, wielding a trident and wearing a plate armour (moderately wounded, constricted by you, chance to defeat MR: 45%)
The orc warrior resists with some effort.
You constrict the orc warrior.
The orc warrior hits you with a trident!
* * * LOW HITPOINT WARNING * * *
The scorpion barely misses you.
Drink which item? (? for menu, Esc to quit)
You feel yourself speed up.
You constrict the orc warrior. The scorpion stings you.
* * * LOW HITPOINT WARNING * * *
The orc warrior hits you with a trident!
You die...

#.........#
.....##.##..# ..#
##......###
###.<#.##...##
.......##..#....##
.................#
........##.###....
#........#.#####...
#..........@).....#
#.#...##.#s.o......
...... #.#.####....
. ... ... ...... .
....... .........
......


You could see an orc warrior and a scorpion.

Vanquished Creatures
  Prince Ribbit (D:5)
  3 ogres
  A big kobold (D:5)
  A giant frog zombie (D:5)
  An orc wizard (D:3)
  A centaur skeleton (D:4)
  2 giant frog skeletons
  2 orc priests (D:3)
  2 iguanas (D:4)
  Jessica (D:2)
  4 worker ants
  A hound skeleton (D:3)
  A worker ant zombie (D:5)
  4 gnolls (D:3)
  9 adders
  A shadow imp (D:6)
  2 oozes
  2 adder skeletons
  3 worms
  10 orcs
  3 ball pythons
  12 bats
  4 giant cockroaches
  5 hobgoblins
  35 kobolds
  2 quokkas
  A giant cockroach zombie (D:3)
  A giant gecko (D:1)
  A giant gecko skeleton (D:5)
  A giant gecko zombie (D:5)
  5 giant newts
  6 goblins
  6 jackals
  A jackal zombie (D:5)
  A quokka zombie (D:3)
  11 rats
147 creatures vanquished.

Vanquished Creatures (others)
  A giant newt (D:4)
1 creature vanquished.

Grand Total: 148 creatures vanquished

Notes
Turn   | Place    | Note
--------------------------------------------------------------
     0 | D:1      | Ijustatesigmund the Octopode Conjurer began the quest for the Orb.
     0 | D:1      | Reached XP level 1. HP: 11/11 MP: 3/3
   217 | D:1      | Reached XP level 2. HP: 13/17 MP: 5/5
  1170 | D:1      | Reached XP level 3. HP: 21/21 MP: 4/6
  1174 | D:1      | Learned a level 2 spell: Searing Ray
  1178 | D:1      | Learned a level 3 spell: Dazzling Spray
  1393 | D:2      | Noticed Jessica
  1466 | D:2      | Killed Jessica
  1561 | D:2      | Found a basalt altar of Yredelemnul.
  1599 | D:2      | Reached skill level 1 in Short Blades
  1599 | D:2      | Reached XP level 4. HP: 27/27 MP: 3/7
  1755 | D:2      | Reached skill level 1 in Hexes
  1813 | D:2      | Found a glowing golden altar of the Shining One.
  1957 | D:2      | Noticed Sigmund
  2250 | D:2      | Found an ancient bone altar of Kikubaaqudgha.
  2439 | D:3      | Reached XP level 5. HP: 31/31 MP: 2/8
  2663 | D:3      | Found a bloodstained altar of Trog.
  2704 | D:3      | Reached skill level 5 in Stealth
  3418 | D:3      | Reached skill level 5 in Conjurations
  3418 | D:3      | Reached XP level 6. HP: 27/36 MP: 2/9
  4482 | D:4      | Found a white marble altar of Elyvilon.
  4501 | D:4      | Reached skill level 6 in Stealth
  4554 | D:4      | Reached XP level 7. HP: 41/41 MP: 4/10
  5099 | D:4      | Reached skill level 1 in Fighting
  5549 | D:5      | Entered Level 5 of the Dungeon
  5696 | D:5      | Found a shattered altar of Ashenzari.
  5735 | D:5      | Reached XP level 8. HP: 50/52 MP: 13/13
  5742 | D:5      | Learned a level 5 spell: Iskenderun's Battlesphere
  5899 | D:5      | Reached skill level 1 in Charms
  6445 | D:5      | Learned a level 2 spell: Ensorcelled Hibernation
  6522 | D:5      | Noticed Prince Ribbit
  6558 | D:5      | Killed Prince Ribbit
  6558 | D:5      | Reached skill level 1 in Ice Magic
  7007 | D:6      | Slain by an orc warrior

Action                   |  1- 3 |  4- 6 |  7- 9 || total
-------------------------+-------+-------+-------++-------
Melee: Unarmed           |     9 |       |       ||     9
       Dagger            |    18 |    58 |    52 ||   128
       Short sword       |       |       |    23 ||    23
 Cast: Magic Dart        |    42 |    55 |    55 ||   152
       Searing Ray       |     2 |    12 |     2 ||    16
       Dazzling Spray    |     2 |     4 |     4 ||    10
       Ensorcelled Hiber |       |       |     2 ||     2
  Use: Scroll            |     3 |     2 |     6 ||    11
       Potion            |       |     1 |     2 ||     3
 Stab: Sleeping          |     3 |     5 |     8 ||    16
       Invisible         |       |     2 |     1 ||     3
       Distracted        |       |     1 |     1 ||     2
  Eat: Chunk             |     2 |     7 |     2 ||    11
       Bread ration      |       |     1 |     1 ||     2
       Beef jerky        |       |       |     1 ||     1
